 Dungeon Crawl Stone Soup version 0.26.1-11-gd32895ea62 (webtiles) character file.

Game seed: 12844110266829107335

409 Blebati the Skirmisher (level 7, 0/55 HPs)
             Began as a Human Wanderer on May 26, 2021.
             Slain by a centaur (7 damage)
             ... on level 5 of the Dungeon on May 31, 2021.
             The game lasted 02:54:08 (6330 turns).

Blebati the Skirmisher (Human Wanderer)             Turns: 6330, Time: 02:54:08

Health: 0/55       AC:  8    Str: 11    XL:     7   Next: 13%
Magic:  7/7        EV:  9    Int: 12    God:
Gold:   73         SH:  0    Dex: 16    Spells: 6/6 levels left

rFire    . . .     SeeInvis .   f - -2 demon blade
rCold    . . .     Faith    .   (no shield)
rNeg     . . .     Spirit   .   h - +1 scale mail
rPois    .         Reflect  .   (no helmet)
rElec    .         Harm     .   (no cloak)
rCorr    .         Rampage  .   (no gloves)
Will     .....                  (no boots)
Stlth    ..........             (no amulet)
HPRegen  0.18/turn              (no ring)
MPRegen  0.10/turn              (no ring)

@: no status effects
A: no striking features
a: no special abilities


You were on level 5 of the Dungeon.
You visited 1 branch of the dungeon, and saw 5 of its levels.

You collected 144 gold pieces.
You spent 71 gold pieces at shops.

Inventory:

Hand Weapons
 a - a +2 hand axe
 b - a +1 rapier
 f - a -2 demon blade (weapon)
 j - a +0 hunting sling
 k - a -2 triple sword
 r - a +0 trident
 z - a +0 mace
 B - a +0 flail
Missiles
 d - 83 stones (quivered)
 g - 2 boomerangs
 m - 53 sling bullets
 q - 89 arrows
 D - 3 silver javelins
Armour
 h - a +1 scale mail (worn)
 o - a +0 ring mail
 u - a +1 hat
 C - a +0 leather armour
 G - a +0 robe
Jewellery
 l - an uncursed ring of wizardry {unknown}
 s - a cursed -4 ring of slaying {unknown}
Scrolls
 p - 3 scrolls of remove curse
 t - a scroll of fear
 y - a scroll of fog
 A - a scroll of amnesia
 F - a scroll of identify
Potions
 c - a potion of lignification
 i - 2 potions of brilliance
 n - a potion of attraction {unknown}
 w - a potion of haste {unknown}
 x - 2 potions of heal wounds {unknown}


   Skills:
 + Level 4.8 Fighting
 - Level 3.8 Short Blades
 - Level 0.1(2.3) Long Blades
 - Level 2.1(2.2) Axes
 - Level 1.0(1.6) Maces & Flails
 - Level 1.0 Throwing
 - Level 3.7 Armour
 * Level 1.5 Dodging
 - Level 1.0 Shields


You had 6 spell levels left.
You didn't know any spells.
Your spell library contained the following spells:

 Spells                   Type           Power        Failure   Level
 Confusing Touch          Hex            0%           99%         3
 Gell's Gravitas          Tloc           0%           99%         3
 Petrify                  Tmut/Erth      0%           100%        4
 Metabolic Englaciation   Hex/Ice        0%           100%        5
 Yara's Violent Unravell  Hex/Tmut       0%           100%        5


Dungeon Overview and Level Annotations

Branches:
Dungeon (5/15)
 Temple: D:4-7

Altars:
Kikubaaqudgha
Zin

Shops:
D:5 *

Annotations:
D:2 Crazy Yiuf
D:4 1 runed translucent door, Sensen's ghost, amateur GnWn


Message History

The centaur hits you.
* * * LOW HITPOINT WARNING * * *
You barely miss the centaur.
The centaur is lightly wounded.
The centaur barely misses you.
You riposte.
You slash the centaur!
The centaur is heavily wounded.
The centaur hits you but does no damage.
You hit the centaur.
The centaur is almost dead.
The centaur hits you.
* * * LOW HITPOINT WARNING * * *
The centaur barely misses you.
You closely miss the centaur.
The centaur is almost dead.
The centaur barely misses you. The centaur hits you.
* * * LOW HITPOINT WARNING * * *
You hit the centaur but do no damage.
The centaur is almost dead.
The centaur hits you!
You die...

# ..# ########### ###.
#..##
...........####..###.....
#######..................
# #...............# ##
##................ .#
#........(........ .#
##........#(....... .##
##........∩@######..
..####.........c.#####
.......................
....###................
..### ##...............
.## ##......#....... ##
##...#####..... # ##...##
#>..# ## ###....## #.##


You could see a centaur.

Vanquished Creatures
  A phantom (D:4)
  An ogre (D:4)
  A hound (D:4)
  2 orc priests (D:4)
  A worker ant (D:4)
  3 adders
  A white imp (D:5)
  An ufetubus (D:5)
  An ooze (D:3)
  2 worms (D:2)
  3 leopard geckos (D:2)
  3 orcs
  8 giant cockroaches
  7 goblins
  7 hobgoblins
  9 jackals
  6 kobolds
  A quokka (D:5)
  2 ball pythons (D:2)
  A ball python skeleton (D:4)
  6 bats
  4 frilled lizards
  8 rats
79 creatures vanquished.

Notes
Turn   | Place    | Note
-------+----------+-------------------------------------------
     0 | D:1      | Blebati the Human Wanderer began the quest for the Orb.
     0 | D:1      | Blebati set off with the following items: a +2 hand axe, a
                  | +0 ring mail, a potion of lignification
     0 | D:1      | Reached XP level 1. HP: 18/18 MP: 1/1
   162 | D:1      | Reached XP level 2. HP: 24/24 MP: 2/2
   751 | D:2      | Found an ancient bone altar of Kikubaaqudgha.
   764 | D:2      | Reached skill level 1 in Short Blades
   773 | D:2      | Reached XP level 3. HP: 26/29 MP: 3/3
  1189 | D:2      | Found a runed translucent door.
  1190 | D:2      | Noticed Crazy Yiuf
  2081 | D:2      | Reached XP level 4. HP: 25/35 MP: 4/4
  3151 | D:3      | Reached skill level 1 in Dodging
  3848 | D:3      | Reached XP level 5. HP: 39/42 MP: 5/5
  4166 | D:4      | Found a runed translucent door.
  4171 | D:4      | Noticed Sensen's ghost (amateur GnWn)
  4808 | D:4      | Noticed an ogre
  4865 | D:4      | Reached skill level 4 in Fighting
  4926 | D:4      | Noticed an ogre
  4937 | D:4      | Killed an ogre
  4938 | D:4      | Reached XP level 6. HP: 47/49 MP: 6/6
  5125 | D:4      | Found a glowing silver altar of Zin.
  5145 | D:4      | Noticed a phantom
  5158 | D:5      | Entered Level 5 of the Dungeon
  5395 | D:5      | Noticed an ogre
  5482 | D:4      | Killed a phantom
  5483 | D:4      | Reached XP level 7. HP: 44/55 MP: 7/7
  6304 | D:5      | Found Wimag's Lightly-Used Armoury.
  6312 | D:5      | Bought a -2 demon blade for 70 gold pieces
  6312 | D:5      | Bought a -2 triple sword for 1 gold piece
  6330 | D:5      | Slain by a centaur

Illustrated notes

Levels and vault maps discovered:
D:1:      grunt_arrival_lava_bath, layout_rooms, chequers_serial_rivers_micro_b,
          feat_on_display
D:2:      layout_basic, kiku_gazebo_pond_becter, minmay_pentomino_t2,
          uniq_crazy_yiuf_cottage
D:3:      layout_basic
D:4:      layout_basic, zin_treasury, ebering_ghost_reflecting_pool,
          nrook_loot_triangle, hangedman_decor_riveting,
          okawaru_altar_gauntlet_db, uniq_robin
D:5:      layout_layer_cave, lemuel_coloured_pillars_altar, minmay_shop_damaged,
          uniq_blork_the_orc

Skill      XL: |  1  2  3  4  5 |
---------------+----------------+-----
Short Blades   | 1 2 3 |  3.8
Dodging        | 1 |  1.5
Fighting       | 4 |  4.8
Armour         | 3 |  3.7
Long Blades    | |  0.1
Axes           | |  2.1
Maces & Flails | |  1.0
Throwing       | |  1.0
Shields        | |  1.0

Action                   |  1- 3 |  4- 6 |  7- 9 || total
-------------------------+-------+-------+-------++-------
Melee: Hand axe          |    11 |       |       ||    11
       Dagger            |   193 |       |       ||   193
       Rapier            |    33 |   178 |    11 ||   222
       Demon blade       |       |       |     5 ||     5
 Fire: Hunting sling     |    16 |     2 |       ||    18
  Use: Scroll            |     3 |     7 |       ||    10
       Potion            |       |     4 |     2 ||     6
Armor: Ring mail         |    74 |       |       ||    74
       Scale mail        |    40 |    67 |    17 ||   124
Dodge: Dodged            |   115 |    73 |    19 ||   207
       Rpst.: Demon blade |       |       |     1 ||     1
